 Dungeon Crawl Stone Soup version 0.30.0-5-g1a98f26d00 (webtiles) character file.

Game seed: 3788996075097854595

8 SnakkuSnakku7 the Magician (level 2, -1/16 HPs)
             Began as a Deep Elf Transmuter on May 11, 2023.
             Frozen to death by an endoplasm (5 damage)
             ... on level 1 of the Dungeon.
             The game lasted 00:00:21 (102 turns).

SnakkuSnakku7 the Magician (Deep Elf Transmuter)     Turns: 102, Time: 00:00:21

Health: -1/16      AC:  2    Str:  7    XL:     2   Next: 0%
Magic:  6/8        EV: 12    Int: 17    God:
Gold:   14         SH:  0    Dex: 15    Spells: 6/7 levels left

rFire   . .          .
                       - Unarmed
rCold   . . .        (no shield)
rNeg    . . .        a - +0 robe
rPois   .            (helmet currently unavailable)
rElec   .            (no cloak)
rCorr   .            (no gloves)
SInv    .            (boots currently unavailable)
Will    .....        (no amulet)
Stlth   +            (no ring)
HPRegen 0.22/turn    (no ring)
MPRegen 0.11/turn

%: no passive effects
@: appendages
A: horns 2, talons 2
a: End Transformation


You were on level 1 of the Dungeon.
You had temporarily grown beastly horns and talons.
You visited 1 branch of the dungeon, and saw 1 of its levels.

You collected 14 gold pieces.

Inventory:

Armour
 a - a +0 robe (worn)
Potions
 b - a potion of lignification
 c - a potion of heal wounds {unknown}


   Skills:
 - Level 0.7 Fighting
 - Level 2.4 Dodging
 + Level 2.6 Unarmed Combat
 - Level 3.0 Spellcasting
 + Level 2.6 Transmutations


You had 6 spell levels left.
You knew the following spells:

 Your Spells              Type           Power      Damage    Failure   Level
a - Beastly Appendage     Tmut           22%        N/A       6%          1

Your spell library contained the following spells:

 Spells                   Type           Power      Damage    Failure   Level
 Wereblood                Tmut           11%        N/A       9%          2
 Spider Form              Tmut/Pois      7%         N/A       30%         3
 Ice Form                 Ice/Tmut       7%         N/A       71%         4


Dungeon Overview and Level Annotations

Branches:
Dungeon (1/15)

Altars:


Innate Abilities, Weirdness & Mutations

You have temporarily grown beastly horns and talons.


Message History

Found a robe.
The bat misses you. x2
The bat hits you but does no damage.
The endoplasm quivers.
You hit the kobold.
The kobold is severely wounded.
The bat hits you but does no damage. x2
The kobold hits you but does no damage.
Casting: Beastly Appendage (safe; 6% risk of failure)
Confirm with . or Enter, or press ? or * to list all spells.
You grow a pair of large bovine horns.
Your feet morph into talons.
The bat barely misses you. The kobold hits you with a +0 whip.
You hit the kobold.
You kill the kobold!
The bat hits you but does no damage.
You closely miss the bat. You claw the bat.
The bat is severely wounded.
The bat hits you. The bat closely misses you.
You hit the endoplasm. Your kick misses the endoplasm.
Your headbutt misses the endoplasm. You punch the endoplasm.
The endoplasm is heavily wounded.
The bat barely misses you. The endoplasm freezes you.
You are frozen.
You hit the bat.
You kill the bat!
The endoplasm freezes you.
You are frozen.
* * * LOW HITPOINT WARNING * * *
You have reached level 2!
You hit the endoplasm but do no damage.
The endoplasm is moderately wounded.
The endoplasm closely misses you.
Unknown command.
You hit the endoplasm.
You claw the endoplasm, but do no damage.
The endoplasm is heavily wounded.
The endoplasm freezes you.
You are frozen.
You die...

#####...#####......##
######.##.#...........[.
#....#.##.#.##..........
..#..#.#........^.......
.†..##.#........#.......
..##.#+#........#...(..
..##................#
..##................##.#
..###...........@J..!..#
.## ##.......##.....##..
..# ##...#####.).......
..# #.### #......... ..#
### #......... ..#
#.....#### ..# #######
.## ##


You could see an endoplasm.

Vanquished Creatures
  A dart slug (D:1)
  A giant cockroach (D:1)
  A kobold (D:1)
  A ball python (D:1)
  A bat (D:1)
  2 rats (D:1)
7 creatures vanquished.

Notes
Turn   | Place    | Note
-------+----------+-------------------------------------------
     0 | D:1      | SnakkuSnakku7 the Deep Elf Transmuter began the quest for
                  | the Orb.
     0 | D:1      | Reached XP level 1. HP: 11/11 MP: 6/6
   101 | D:1      | Reached XP level 2. HP: 4/16 MP: 6/8
   102 | D:1      | Frozen to death by an endoplasm

Illustrated notes

Levels and vault maps discovered:
D:1:      mrwooster_arrival_arrow, layout_rooms

Action                     || total
---------------------------++-------
  Melee: Unarmed           ||    16
         Kick              ||     4
         Headbutt          ||     1
         Punch             ||     1
   Cast: Beastly Appendage ||     2
 Armour: Robe              ||     5
  Dodge: Dodged            ||    12
